 Dungeon Crawl Stone Soup version 0.29.1-15-g9cfb28693d (webtiles) character file.

Game seed: 14320392196585192730

89 hawla the Firebug (level 5, -1/38 HPs)
             Began as a Meteoran Fire Elementalist on Mar 21, 2023.
             Slain by an orc wizard
             ... wielding a +0 dagger
              (2 damage)
             ... on level 4 of the Dungeon.
             The game lasted 00:02:03 (242 turns).

hawla the Firebug (Meteoran Fire Elementalist)       Turns: 242, Time: 00:02:04

Health: -1/38      AC:  2    Str:  9    XL:     5   Next: 10%
Magic:  0/11       EV: 12    Int: 19    God:
Gold:   96         SH:  0    Dex: 14    Spells: 3/10 levels left

rFire   . . .      SeeInvis .   (no weapon)
rCold   . . .      Faith    .   (no shield)
rNeg    . . .      Spirit   .   a - +0 robe
rPois   .          Reflect  .   (no helmet)
rElec   .          Harm     .   (no cloak)
rCorr   .          Rampage  .   (no gloves)
Will    .....                   (no boots)
Stlth   +.........              (no amulet)
HPRegen 0.12/turn               (no ring)
MPRegen 0.12/turn               (no ring)

@: very slightly contaminated, hasted, glowing, very quick
A: sense surroundings 1, otherworldly, glowing, explore regen
a: no special abilities


You were on level 4 of the Dungeon.
You visited 1 branch of the dungeon, and saw 4 of its levels.

You collected 96 gold pieces.

Inventory:

Armour
 a - a +0 robe (worn)
Scrolls
 c - 2 scrolls of identify {unknown}
Potions
 b - a potion of magic


   Skills:
 - Level 2.6 Dodging
 - Level 1.4 Stealth
 - Level 3.4 Spellcasting
 + Level 3.3 Conjurations
 - Level 4.6 Fire Magic


You had 3 spell levels left.
You knew the following spells:

 Your Spells              Type           Power      Damage    Failure   Level
a - Foxfire               Conj/Fire      72%        2x1d7     2%          1
b - Scorch                Fire           42%        2d7       3%          2
c - Flame Wave            Conj/Fire      18%        2d7       28%         4

Your spell library contained the following spells:

 Spells                   Type           Power      Damage    Failure   Level
 Conjure Flame            Conj/Fire      18%        6-21      9%          3
 Inner Flame              Hex/Fire       12%        N/A       17%         3


Dungeon Overview and Level Annotations

Branches:
Dungeon (4/15) Zot: 2159
 Temple: D:4-7

Altars:


Innate Abilities, Weirdness & Mutations

You passively map a small area around you.
You are easily found by Zot.
You glow in the dark.
You regain HP and MP as you explore.


Message History

Deactivating autopickup; reactivate with Ctrl-A.
The adder closely misses you.
Unknown command.
It was a potion of haste.
You feel yourself speed up. The adder bites you but does no damage.
The adder bites you.
* * * LOW HITPOINT WARNING * * *
The orc priest hits you with a +0 hand axe.
* * * LOW HITPOINT WARNING * * *
Something completely misses you.
Unknown command.
Casting: Flame Wave (extremely dangerous; 36% risk of failure)
Confirm with . or Enter, or press ? or * to list all spells.
The spell is extremely dangerous to miscast (36% risk of failure)!
Continue anyway?
Casting: Flame Wave (extremely dangerous; 36% risk of failure)
Press: ? - help, Dir - look around, f - activate A wave of flame ripples out!
The flame wave engulfs the orc priest.
The orc priest is heavily wounded.
The flame wave engulfs the adder!
The adder is almost dead.
The flame wave engulfs the orc.
The orc is heavily wounded.
The flame wave engulfs something but does no damage. (Press . to intensify the flame waves.)
A wave of flame ripples out!
The flame wave engulfs the orc priest!
You kill the orc priest!
The flame wave engulfs the adder.
You kill the adder!
The flame wave engulfs the orc!
You kill the orc!
The flame wave engulfs something.
You hear a shout! x2
Something hits you.
* * * LOW HITPOINT WARNING * * *
Your Conjurations skill increases to level 3!
You have reached level 5!
A wave of flame ripples out!
The flame wave engulfs something.
You finish channelling waves of flame.
Unknown command.
You closely miss something. Something hits you.
You die...

##........####<####
##..#.........#..#.#####
.#..##...#..............
*
.........#..............
....#.......§#..........
...##........#..#.......
,
...........#....#......#
......#..#####...)......
, ......##.. ###@)....#
......##.. #.†...### ,
......###. ##......# ,
....... .# .......#
....... ,,......##*
....... , ........# ,
......., .......... *
......# .......#...
......#


There were no monsters in sight!

Vanquished Creatures
  2 orc priests (D:4)
  An adder (D:4)
  A worm (D:2)
  5 orcs (D:4)
  A giant cockroach (D:2)
  A goblin (D:2)
  A hobgoblin (D:2)
  A kobold (D:3)
  A ball python (D:4)
  A bat (D:3)
  A frilled lizard (D:3)
16 creatures vanquished.

Vanquished Creatures (others)
  37 foxfires
37 creatures vanquished.

Grand Total: 53 creatures vanquished

Notes
Turn   | Place    | Note
-------+----------+-------------------------------------------
     0 | D:1      | hawla the Meteoran Fire Elementalist began the quest for
                  | the Orb.
     0 | D:1      | Reached XP level 1. HP: 14/14 MP: 5/5
    27 | D:2      | Found a faded altar of an unknown god.
    90 | D:2      | Reached skill level 4 in Fire Magic
    90 | D:2      | Reached XP level 2. HP: 20/20 MP: 1/6
   138 | D:4      | Reached XP level 3. HP: 19/26 MP: 0/8
   138 | D:4      | Reached XP level 4. HP: 24/33 MP: 0/10
   155 | D:4      | Learned a level 2 spell: Scorch
   160 | D:4      | Learned a level 4 spell: Flame Wave
   240 | D:4      | HP: 1/33 [something (2)]
   241 | D:4      | Reached XP level 5. HP: 1/38 MP: 1/11
   242 | D:4      | Slain by an orc wizard

Illustrated notes

Levels and vault maps discovered:
D:1:      dpeg_arrival_pond, layout_loops_corners
D:2:      layout_loops_corners, ebering_ecumenical_altar_sacrificial,
          chequers_serial_rivers_room_a, st_stairs_14
D:3:      layout_loops_corners, grunt_temple_overflow_diamond, uniq_sigmund,
          uniq_terence
D:4:      layout_cave_pools, uniq_crazy_yiuf_cottage, uniq_edmund, uniq_ijyb

Skill      XL: |  1  2  3  4 |
---------------+-------------+-----
Fire Magic     | 4 |  4.6
Spellcasting   | 3 |  3.4
Conjurations   | 3 |  3.3
Dodging        | |  2.6
Stealth        | |  1.4

Action                   |  1- 3 |  4- 6 || total
-------------------------+-------+-------++-------
Melee: Unarmed           |     6 |     1 ||     7
 Cast: Foxfire           |    19 |     4 ||    23
       Flame Wave        |       |     1 ||     1
  Use: Potion            |       |     1 ||     1
Armor: Robe              |       |     1 ||     1
Dodge: Dodged            |     2 |     3 ||     5
